Map: 2000 애트모스피어 - 래더

Players

Spirit (souL)

  • Race: Terran Terran

DPGZest (Zest) - Winner!

  • Race: Protoss Protoss
  • League: Master

VOD

Have the link to the VOD?

Description

Time

  • Played on: Oct. 21, 2021, 10 a.m.
  • Length: 16:30
Show
View Real Time Build Order
Export as new Build Order

Spirit Terran 

Build Orders:  

Get SALT Encoding   

  12  0:00  SCV  
  13  0:12  SCV  
  14  0:17  Supply Depot  
  14  0:24  SCV  
  15  0:38  SCV  
  15  0:39  Barracks  
  16  0:50  SCV  
  16  0:51  Refinery  
  17  1:03  SCV  
  18  1:05  Engineering Bay  
  18  1:19  SCV  
  19  1:26  Marine  
  19  1:32  Orbital Command  
  20  1:50  Command Center  
  20  1:53  Barracks Reactor  
  20  2:00  SCV  
  21  2:05  Supply Depot  
  21  2:12  SCV  
  22  2:18  Factory  
  22  2:24  SCV  
  22  2:29  Marine x2  
  24  2:33  Bunker  
  24  2:36  SCV  
  26  2:41  Refinery  
  26  2:48  SCV  
  27  3:00  SCV  
  27  3:01  Starport  
  27  3:03  Orbital Command  
  28  3:10  Hellion  
  30  3:12  SCV  
  30  3:13  Marine  
  30  3:15  Marine  
  33  3:25  SCV  
  34  3:30  SCV  
  34  3:31  Marine  
  34  3:33  Marine  
  37  3:34  Factory Tech Lab  
  37  3:37  SCV  
  37  3:38  Starport Tech Lab  
  38  3:42  SCV  
  39  3:49  SCV  
  39  3:52  Supply Depot  
  43  3:56  Cyclone  
  43  4:02  Banshee  
  46  4:03  Cloaking Field  
  46  4:12  Supply Depot  
  46  4:13  Marine x2, SCV x2  
  50  4:25  SCV x2  
  50  4:27  Barracks  
  50  4:29  Engineering Bay  
  50  4:31  Marine x2  
  54  4:37  SCV x2  
  56  4:38  Supply Depot  
  56  4:45  Banshee  
  59  4:48  Siege Tank  
  59  4:49  Bunker  
  62  4:53  Marine, Supply Depot, SCV  
  62  4:59  Supply Depot  
  62  5:00  Marine  
  62  5:01  SCV  
  62  5:05  SCV  
  64  5:11  Marine  
  65  5:14  SCV  
  65  5:15  Supply Depot x2  
  65  5:20  Siege Tank  
  68  5:21  Missile Turret  
  68  5:22  Barracks Tech Lab  
  68  5:24  Marine  
  68  5:25  SCV  
  70  5:30  SCV  
  71  5:36  Refinery x2  
  71  5:37  Supply Depot  
  71  5:39  SCV  
  71  5:41  Starport Reactor  
  72  5:44  Stimpack  
  72  5:45  Barracks  
  72  5:48  Marine x2  
  72  5:49  Marine  
  72  6:05  Marine  
  72  6:06  Marine  
  72  6:07  Marine  
  72  6:09  Siege Tank  
  72  6:10  Barracks, SCV  
  76  6:12  Barracks  
  76  6:14  SCV  
  76  6:16  Engineering Bay  
  77  6:20  Medivac  
  77  6:23  Marine x2, SCV  
  77  6:25  Supply Depot  
  82  6:27  Marauder  
  82  6:32  SCV  
  85  6:35  Barracks Tech Lab  
  85  6:39  Medivac  
  87  6:41  Marine x2, SCV  
  87  6:45  Supply Depot  
  90  6:50  Medivac  
  90  6:52  Marauder  
  94  6:54  Combat Shield  
  94  6:59  Marine  
  94  7:01  Command Center  
  95  7:02  Barracks Reactor  
  95  7:03  Marine x2  
  95  7:04  Marine  
  95  7:06  Factory Reactor  
  98  7:13  Marine  
  98  7:15  Terran Infantry Weapons Level 1  
  99  7:16  Supply Depot  
  99  7:17  Marine  
  99  7:20  Marine  
  99  7:21  Marauder  
  99  7:22  Marine  
  99  7:24  Concussive Shells  
  99  7:25  Medivac  
  102  7:31  Marine  
  102  7:34  Marine  
  100  7:38  Marine x2  
  100  7:39  Marine  
  100  7:41  Marauder  
  100  7:42  Marauder  
  107  7:49  Marauder  
  107  7:50  Medivac  
  111  7:52  Marine  
  111  7:55  Marine  
  111  7:56  Marine, Widow Mine x2  
  111  7:57  Marine  
  119  8:02  Marauder  
  119  8:04  Marauder  
  116  8:10  Marine x2  
  106  8:13  Marine  
  106  8:14  Marine  
  106  8:15  Marine  
  89  8:23  Marine  
  89  8:25  Marine, Orbital Command  
  89  8:26  Medivac  
  72  8:27  Medivac  
  91  8:30  Widow Mine x2  
  91  8:32  Marine, Marauder  
  91  8:33  Marine  
  101  8:35  Marine  
  104  8:41  Marauder  
  104  8:42  SCV x2  
  104  8:46  Marauder  
  108  8:49  Orbital Command  
  108  8:54  Marauder, SCV, Widow Mine x2  
  115  8:58  Marine x3  
  120  9:03  Marauder  
  120  9:06  Marine  
  120  9:09  Marine  
  122  9:14  Marine  
  122  9:15  Marine  
  122  9:16  Marine  
  114  9:18  Marine  
  108  9:24  Marine, Marauder  
  108  9:26  Medivac x2  
  108  9:27  Marauder  
  108  9:28  SCV x2  
  108  9:30  SCV  
  116  9:32  Marine  
  116  9:33  Marine  
  116  9:35  Marine  
  116  9:37  Armory  
  119  9:42  Marine  
  119  9:43  SCV x2  
  119  9:44  SCV  
  125  9:45  Marauder  
  125  9:47  Marine  
  125  9:48  Marauder  
  125  9:51  Widow Mine  
  129  9:55  Marine, SCV  
  129  9:56  Medivac  
  129  9:59  Marine  
  129  10:00  Widow Mine  
  129  10:01  Marine, Marauder  
  129  10:05  Refinery  
  129  10:06  Refinery  
  131  10:08  Armory  
  131  10:09  Marine, Ghost Academy  
  131  10:10  Engineering Bay  
  131  10:12  Widow Mine  
  131  10:13  SCV x2  
  136  10:14  Marauder  
  136  10:16  Marine  
  136  10:20  Marine, Marauder  
  140  10:25  Widow Mine  
  140  10:26  Marine, Marauder  
  134  10:30  SCV  
  134  10:31  Terran Infantry Armor Level 1  
  134  10:33  SCV x2  
  139  10:37  Marauder  
  141  10:47  Marine x2  
  141  10:54  Starport, Factory Reactor, Command Center  
  141  10:56  Terran Infantry Weapons Level 2  
  141  10:57  Enhanced Shockwaves  
  141  11:05  Terran Ship Weapons Level 1  
  141  11:19  Supply Depot  
  141  11:20  Supply Depot  
  141  11:29  SCV  
  141  11:37  SCV  
  141  11:38  Marine x3, Viking  
  141  11:39  Marauder x2  
  149  11:40  Marine  
  149  11:41  Viking x2, SCV, Marauder  
  149  11:42  SCV  
  149  11:46  Terran Vehicle And Ship Armor Level 1, Bunker  
  158  11:49  SCV  
  158  11:53  SCV  
  158  11:54  SCV  
  160  11:56  Viking  
  165  12:05  Supply Depot x2  
  165  12:06  Supply Depot  
  165  12:07  Planetary Fortress, Supply Depot  
  167  12:08  Viking  
  167  12:10  SCV  
  167  12:11  Viking x2  
  167  12:13  Ghost x2  
  167  12:15  Ghost  
  175  12:21  Missile Turret  
  175  12:24  Sensor Tower  
  175  12:26  Terran Infantry Armor Level 2  
  175  12:36  SCV x3, Refinery  
  178  12:37  Refinery  
  178  12:39  Marine x3  
  178  12:41  Ghost  
  178  12:42  Marine  
  182  12:45  SCV  
  182  12:48  SCV x2  
  184  12:55  Viking x2  
  184  12:57  SCV  
  184  12:58  Viking  
  184  13:03  Viking  
  184  13:04  Ghost  
  190  13:08  SCV x3  
  190  13:11  Missile Turret  
  193  13:14  Marine  
  193  13:15  Marine x3, Sensor Tower  
  193  13:19  Terran Ship Weapons Level 2  
  197  13:24  Viking  
  199  13:29  Starport  
  198  13:41  Viking  
  198  13:44  Terran Infantry Weapons Level 3, Command Center  
  200  13:49  Fusion Core  
  198  14:03  Viking  
  198  14:07  Viking  
  198  14:08  Marauder  
  195  14:15  Marine, Marauder  
  195  14:16  Marauder  
  192  14:17  Viking x2  
  192  14:18  Viking  
  197  14:29  Marine  
  183  14:33  Viking  
  183  14:34  Marine  
  156  14:52  Supply Depot  
  156  14:54  Supply Depot  
  134  15:06  Planetary Fortress  
Show
View Real Time Build Order
Export as new Build Order

DPGZest Protoss - Winner!

Build Orders: 1 Gate Expand, Blink Stalkers, Carriers 

Get SALT Encoding   

  12  0:00  Probe  
  13  0:12  Probe  
  14  0:18  Pylon  
  14  0:24  Probe (Chrono Boost)  
  15  0:37  Probe (Chrono Boost)  
  15  0:38  Gateway  
  16  0:44  Probe (Chrono Boost)  
  16  0:47  Assimilator  
  17  0:51  Probe  
  18  1:03  Probe  
  19  1:15  Probe  
  20  1:32  Cybernetics Core  
  20  1:41  Nexus  
  20  1:43  Probe  
  21  1:51  Pylon  
  21  1:55  Probe  
  21  2:01  Assimilator  
  22  2:07  Probe  
  23  2:09  Adept  
  23  2:12  Warp Gate  
  25  2:19  Probe (Chrono Boost)  
  27  2:31  Probe (Chrono Boost)  
  27  2:33  Twilight Council  
  27  2:35  Probe (Chrono Boost)  
  28  2:41  Stalker  
  30  2:45  Probe  
  31  2:52  Gateway  
  31  2:54  Probe  
  32  2:58  Probe  
  32  3:02  Blink (Chrono Boost)  
  33  3:06  Probe  
  33  3:11  Probe  
  35  3:18  Stalker  
  35  3:19  Probe  
  38  3:23  Probe  
  39  3:29  Pylon  
  39  3:31  Probe  
  40  3:35  Probe  
  40  3:38  Robotics Facility  
  41  3:43  Probe  
  41  3:47  Probe  
  43  3:55  Probe  
  44  3:59  Probe  
  44  4:00  Stalker x2  
  49  4:05  Pylon  
  49  4:06  Assimilator  
  49  4:07  Probe  
  49  4:09  Assimilator  
  50  4:11  Probe  
  51  4:19  Probe  
  51  4:23  Probe, Stalker  
  51  4:24  Stalker  
  57  4:27  Pylon  
  57  4:31  Probe  
  57  4:32  Observer (Chrono Boost)  
  57  4:35  Probe, Pylon  
  60  4:43  Probe  
  61  4:47  Probe  
  61  4:49  Stalker  
  61  4:50  Stalker  
  66  4:55  Probe  
  66  4:59  Probe  
  68  5:02  Robotics Bay, Forge  
  68  5:05  Immortal (Chrono Boost)  
  68  5:07  Probe  
  68  5:11  Pylon  
  73  5:23  Nexus  
  73  5:27  Shield Battery  
  73  5:32  Probe x2, Protoss Ground Weapons Level 1 (Chrono Boost)  
  75  5:39  Gateway  
  75  5:41  Pylon  
  75  5:44  Probe x2  
  77  5:56  Probe (Chrono Boost)  
  73  5:57  Probe (Chrono Boost)  
  73  5:59  Stalker x2  
  73  6:08  Probe (Chrono Boost)  
  75  6:14  Probe (Chrono Boost)  
  75  6:17  Probe (Chrono Boost)  
  76  6:20  Colossus (Chrono Boost)  
  76  6:21  Shield Battery, Probe (Chrono Boost)  
  76  6:23  Probe  
  76  6:24  Extended Thermal Lance  
  84  6:27  Sentry  
  84  6:32  Sentry, Probe  
  88  6:35  Probe x2  
  88  6:36  Sentry  
  93  6:40  Charge  
  93  6:45  Probe  
  94  6:47  Probe x2  
  94  6:52  Pylon  
  94  6:54  Observer  
  96  6:57  Probe, Colossus (Chrono Boost)  
  96  6:59  Probe  
  104  7:05  Probe, Photon Cannon  
  104  7:06  Shield Battery  
  105  7:10  Assimilator  
  105  7:11  Assimilator  
  105  7:13  Probe x2  
  105  7:14  Pylon  
  107  7:22  Probe  
  108  7:25  Probe  
  108  7:27  Gateway  
  109  7:30  Gateway  
  109  7:32  Gateway  
  109  7:35  Stalker, Protoss Ground Weapons Level 2 (Chrono Boost)  
  109  7:36  Stalker x2  
  121  7:58  Gateway x2  
  121  8:00  Stalker x2  
  125  8:06  Zealot  
  97  8:28  Probe  
  97  8:30  Robotics Facility  
  97  8:31  Robotics Facility, Stalker x2  
  97  8:32  Stalker x4, Forge  
  110  8:38  Photon Cannon  
  110  8:40  Shield Battery  
  110  8:41  Pylon, Photon Cannon  
  110  8:49  Gravitic Boosters  
  110  8:54  Sentry x2  
  114  9:00  Stargate  
  114  9:01  Pylon  
  114  9:02  Protoss Ground Armor Level 1 (Chrono Boost)  
  114  9:12  Zealot x6  
  114  9:14  Protoss Air Weapons Level 1  
  115  9:26  Photon Cannon  
  115  9:27  Probe x2  
  115  9:28  Probe  
  118  9:34  Void Ray (Chrono Boost)  
  118  9:36  Stalker x2  
  122  9:39  Probe  
  122  9:40  Shield Battery  
  122  9:45  Observer x2  
  129  9:50  Stargate  
  129  9:51  Fleet Beacon  
  129  9:59  Probe x2  
  129  10:05  Probe  
  130  10:09  Disruptor x2  
  130  10:11  Probe  
  137  10:23  Observer  
  137  10:32  Pylon  
  137  10:34  Pylon  
  137  10:36  Pylon  
  137  10:42  Nexus  
  137  10:46  Pylon  
  137  10:47  Disruptor  
  140  10:50  Disruptor  
  140  10:52  Carrier (Chrono Boost)  
  155  10:59  Carrier (Chrono Boost)  
  155  11:01  Protoss Ground Weapons Level 3  
  155  11:08  Zealot x5  
  155  11:09  Zealot  
  167  11:11  Observer  
  167  11:38  Carrier (Chrono Boost)  
  167  11:44  Shield Battery, Photon Cannon  
  167  11:47  Pylon  
  173  11:49  Pylon  
  173  11:51  Observer, Carrier (Chrono Boost)  
  173  11:53  Observer  
  179  11:55  Protoss Air Weapons Level 2 (Chrono Boost)  
  179  12:03  Pylon  
  179  12:05  Protoss Shields Level 1  
  179  12:28  Photon Cannon  
  179  12:37  Nexus  
  179  12:40  Carrier (Chrono Boost)  
  179  12:41  Pylon  
  185  12:45  Carrier (Chrono Boost)  
  185  12:48  Observer  
  185  12:49  Gateway  
  185  12:50  Gateway  
  189  13:06  Gateway  
  189  13:07  Gateway  
  189  13:10  Pylon  
  189  13:11  Observer (Chrono Boost)  
  191  13:16  Observer  
  191  13:18  Warp Prism (Chrono Boost)  
  191  13:22  Gateway  
  191  13:24  Gateway  
  191  13:26  Gateway, Photon Cannon  
  191  13:27  Shield Battery  
  187  14:15  Stalker x7  
  162  15:10  Pylon  
  162  15:13  Nexus  
  140  16:10  Pylon, Nexus  
  140  16:16  Pylon  
Tags
 
Add a new tag
Caveats
  • Supply blocks, unpowered buildings, or Contaminate may cause inaccurate times.
  • Supply counts are checked every 10 seconds.